 Dungeon Crawl Stone Soup version 0.26-a0-540-g8a0c9464d7 (webtiles) character file.

Game seed: 10558461382995112168

3 kae the Skirmisher (level 1, -1/18 HPs)
             Began as a Demonspawn Berserker on Aug 24, 2020.
             Was a Follower of Trog.
             Slain by a leopard gecko (5 damage)
             ... on level 1 of the Dungeon.
             The game lasted 00:00:10 (56 turns).

kae the Skirmisher (Demonspawn Berserker)             Turns: 56, Time: 00:00:10

Health: -1/18      AC:  2    Str: 17    XL:     1   Next: 41%
Magic:  1/1        EV: 12    Int:  8    God:    Trog [*.....]
Gold:   10         SH:  0    Dex: 12    Spells: 0/0 levels left

rFire    . . .     SeeInvis .     - Unarmed
rCold    . . .     Faith    .   (no shield)
rNeg     . . .     Spirit   .   a - +0 animal skin
rPois    .         Reflect  .   (no helmet)
rElec    .         Harm     .   (no cloak)
rCorr    .                      (no gloves)
MR       .....                  (no boots)
Stlth    +.........             (no amulet)
HPRegen  0.06/turn              (no ring)
MPRegen  0.07/turn              (no ring)

@: berserk cooldown, slowed, very slow
A: no striking features
a: Berserk, Renounce Religion


You were on level 1 of the Dungeon.
You worshipped Trog.
Trog was aware of your devotion.
You visited 1 branch of the dungeon, and saw 1 of its levels.

You collected 10 gold pieces.

Inventory:

Armour
 a - a +0 animal skin (worn)


   Skills:
 + Level 3.0 Fighting
 - Level 1.7 Armour
 - Level 1.7 Dodging
 * Level 2.8 Unarmed Combat


You couldn't memorise any spells.
You didn't know any spells.
Your spell library was empty.

Dungeon Overview and Level Annotations

Branches:
Dungeon (1/15)

Altars:


Message History

The leopard gecko bites you but does no damage.
You hit the leopard gecko but do no damage.
The bat hits you. The leopard gecko bites you. The kobold closely misses you.
The leopard gecko barely misses you.
You are too injured to fight recklessly!
You are too injured to fight recklessly!
You are too injured to fight recklessly!
You are too injured to fight recklessly!
You are too injured to fight recklessly!
You completely miss the leopard gecko. The bat hits you but does no damage.
The kobold barely misses you. The leopard gecko barely misses you.
The kobold hits you but does no damage.
You miss the leopard gecko. The bat barely misses you.
The leopard gecko bites you but does no damage.
The leopard gecko bites you.
The kobold hits you with a +0 short sword.
* * * LOW HITPOINT WARNING * * *
You barely miss the leopard gecko. The bat closely misses you.
The leopard gecko bites you.
You die...

....... ###+###
#.P♣..... #.....#
#...♣P... #.....#
#.PP.♣...###.....# ###
###..P. ♣.P.##.....# #..
.......♣P♣.........###.#
.(......♣♣P.P...........
......l..♣.♣.#..........
......K@.P....##+#..##..
.........##.P....#...#..
..........†...####..##..
###..#b.............##..
#..#..#..$...#######(.
#. #..#............... #
#..#.....##########
........... .......
.....###.###########


You could see a leopard gecko, a bat and a kobold.

Vanquished Creatures
  A bat (D:1)
  A kobold (D:1)
  A rat (D:1)
3 creatures vanquished.

Notes
Turn   | Place    | Note
-------+----------+-------------------------------------------
     0 | D:1      | kae the Demonspawn Berserker began the quest for the Orb.
     0 | D:1      | Reached XP level 1. HP: 18/18 MP: 1/1
    56 | D:1      | Slain by a leopard gecko

Illustrated notes

Levels and vault maps discovered:
D:1:      dpeg_arrival_rooms_with_view, layout_basic, serial_forest,
          infiniplex_forest_zigzag_2, infiniplex_forest_clump_diagonal,
          infiniplex_forest_clump_C, infiniplex_forest_clump_diagonal,
          infiniplex_forest_lined_room_3

Action                   || total
-------------------------++-------
Melee: Unarmed           ||    20
Invok: Berserk           ||     1
Armor: Animal skin       ||    15
Dodge: Dodged            ||    31

Table legend: (Time is in decaauts)
 A = Elapsed time spent in this place.
 B = Non-inter-level travel time spent in this place.
 C = Inter-level travel time spent in this place.
 D = Time resting spent in this place.
 E = Time spent auto-exploring this place.
 F = Levels seen in this place.
 G = Mean time per level.
                   A        B        C        D        E       F      G
               +--------+--------+--------+--------+--------+-----+--------+
         Total |     53 |     53 |      0 |      0 |     25 |   1 |   53.0 |
       Dungeon |     53 |     53 |      0 |      0 |     25 |   1 |   53.0 |
               +--------+--------+--------+--------+--------+-----+--------+

Top non-repeatable levels by time:
     D:1: 53 daAuts
